 Dungeon Crawl Stone Soup version 0.14-a0-942-gbd853f2 (webtiles) character file.

29366 Inkie the Brawler (level 13, -10/104 HPs)
             Began as a Lava Orc Transmuter on Nov 18, 2013.
             Was an Elder of Ashenzari.
             Mangled by an eight-headed hydra (13 damage)
             ... on Level 3 of the Lair of Beasts on Nov 19, 2013.
             The game lasted 01:57:01 (21268 turns).

Inkie the Brawler (Lava Orc Transmuter)            Turns: 21268, Time: 01:57:01

HP -10/104       AC  7     Str 14      XL: 13   Next: 11%
MP  26/26        EV 13     Int 17      God: Ashenzari [****..]
Gold 616         SH  0     Dex 11      Spells:  7 memorised, 13 levels left

Res.Fire  : + + +   See Invis. : +     - Unarmed
Res.Cold  : x . .   Warding    : .   k - +2 robe {Archmagi}
Life Prot.: . . .   Conserve   : .   (shield currently unavailable)
Res.Poison: .       Res.Corr.  : .   K - +0 cap
Res.Elec. : .       Clarity    : +   y - +0 cloak
Sust.Abil.: . .     Spirit.Shd : .   G - melded +1 pair of gauntlets {Dex+3}
Res.Mut.  : .       Stasis     : .   J - +2 pair of boots
Res.Rott. : .       Flight     : .   H - cursed amulet of faith
Saprovore : + . .                    i - +3,+7 ring of slaying
                                     v - cursed +0,+8 ring of slaying

@: blade hands, exhausted, slowed, very slow, somewhat resistant to hostile
enchantments, unstealthy
A: conserve scrolls, deformed body, low mp 1, saprovore 1, slow metabolism 1,
spit poison 1
a: Spit Poison, End Transformation, Scrying, Renounce Religion


You were on level 3 of the Lair of Beasts.
You worshipped Ashenzari.
Ashenzari was greatly pleased with you.
You were very hungry.
Your hands were blades.
You visited 3 branches of the dungeon, and saw 17 of its levels.

You collected 821 gold pieces.
You spent 205 gold pieces at shops.

Inventory:

Missiles
 a - 4 poisoned darts
 d - 35 darts (quivered)
 e - 7 exploding darts
 s - 11 steel darts
 M - 12 silver darts
Armour
 h - a +3 leather armour
 k - a +2 robe of the Archmagi (worn)
 y - a +0 cloak (worn)
 G - a +1 pair of gauntlets of dexterity (melded)
 J - a +2 pair of boots (worn)
 K - a +0 cap (worn)
Magical devices
 w - a wand of lightning (4)
 E - a wand of teleportation (6)
Comestibles
 b - 4 rotting chunks of yak flesh
 l - a bread ration
 q - 3 apples
 Y - a meat ration
 Z - a pear
Scrolls
 f - 8 scrolls of teleportation
 g - a scroll of fear
 j - 5 scrolls of magic mapping
 u - 5 scrolls of remove curse
 P - a scroll of curse weapon
 R - 5 scrolls of identify
 U - 2 scrolls of fog
 X - 2 scrolls of blinking
Jewellery
 i - a +3,+7 ring of slaying (right scythe-like blade)
 v - a cursed +0,+8 ring of slaying (left scythe-like blade)
 H - a cursed amulet of faith (around neck)
Potions
 o - 4 potions of curing
 r - 4 potions of speed
 x - 2 potions of agility
 D - a potion of heal wounds
 O - a potion of might
Miscellaneous
 c - a plain deck of war


   Skills:
 - Level 9.1 Fighting
 - Level 2.1 Armour
 - Level 3.1 Dodging
 + Level 15.4 Unarmed Combat
 - Level 10.1 Spellcasting
 - Level 0.3(1.1) Charms
 - Level 0.4(1.3) Necromancy
 - Level 10.1(12.2) Transmutations
 - Level 1.0(2.3) Poison Magic


You had 13 spell levels left.
You knew the following spells:

 Your Spells              Type           Power        Failure   Level  Hunger
a - Beastly Appendage     Trmt           ######       6%          1    None
b - Spider Form           Trmt/Pois      ######....   17%         3    None
c - Blade Hands           Trmt           ######....   17%         5    ####...
d - Ice Form              Ice/Trmt       ##........   45%         4    ###....
e - Repel Missiles        Chrm/Air       ###.......   50%         2    None
f - Apportation           Tloc           ##........   45%         1    None
g - Regeneration          Chrm/Necr      ###.......   58%         3    None


Dungeon Overview and Level Annotations

Branches:
Dungeon (13/16)            Temple (1/1) D:6             Orc (0/4) D:6
   Lair (3/8) D:13
  Swamp: Lair:3-6    Shoals: Lair:3-6     Snake: Lair:3-6    Spider: Lair:3-6

Altars:
Ashenzari
Cheibriados
Elyvilon
Fedhas
Kikubaaqudgha
Makhleb
Nemelex Xobeh
Okawaru
Sif Muna
Trog
Vehumet
Xom
Yredelemnul
Zin
the Shining One

Shops:
D:6 ([   D:8 *

Annotations:
D:12 DIG!!11, Maurice


Innate Abilities, Weirdness & Mutations

You have stony skin.
Your flesh is almost immune to the effects of heat.
Your fire spells are more powerful.
Your flesh is vulnerable to cold.
Your heat harms attackers.
You bathe your surroundings in blazing heat.
You are too hot to use scrolls.
You are very good at protecting items from fire.
You can tolerate rotten meat.
Armour fits poorly on your strangely shaped body.*
Your magical capacity is low (-10% MP).
You have a slow metabolism.
You can spit poison.


Message History

You are feeling very hungry.
The intensity of your heat diminishes.
There is an escape hatch in the ceiling here.
The eight-headed hydra bites you!
* * * LOW HITPOINT WARNING * * *
The eight-headed hydra is singed by your heat.
The eight-headed hydra is heavily wounded.
The eight-headed hydra bites you but does no damage.
The eight-headed hydra is singed by your heat.
The eight-headed hydra is heavily wounded.
The eight-headed hydra bites you!
* * * LOW HITPOINT WARNING * * *
The eight-headed hydra appears unharmed.
The eight-headed hydra barely misses you.
The eight-headed hydra bites you.
* * * LOW HITPOINT WARNING * * *
The eight-headed hydra is singed by your heat.
The eight-headed hydra is heavily wounded.
The eight-headed hydra bites you!
You die...

, ...................#
,....................#
.............j......##
......................#
......................#
.....................#.#
.....................#
.....................#
................@D...##
......................#
.................$...##
....................#.#
................:..####
...................#
.................#f#
.................###
...............###


You could see an agate snail and an eight-headed hydra.

Vanquished Creatures
  Fannar (D:10)
  Harold (D:11)
  A hydra (D:12)
  Erica (Lair:2)
  A centaur warrior (D:13)
  Erolcha (D:10)
  2 hill giants (D:12)
  An unseen horror (D:10)
  The ghost of Somebody the Reanimator, an experienced DENe of Kikubaaqudgha (D:8)
  The ghost of Bloax the Chopper, an experienced FoBe of Trog (D:7)
  4 spiny frogs
  A queen ant (Lair:1)
  A troll (D:13)
  Grinder (D:5)
  A komodo dragon (Lair:1)
  A spriggan (D:7)
  Prince Ribbit (D:5)
  3 slime creatures (D:12)
  A two-headed ogre (D:12)
  A wraith (D:12)
  A griffon zombie (D:10)
  A basilisk (D:12)
  4 ugly things (D:13)
  49 yaks
  3 hungry ghosts
  Edmund (D:6)
  A hippogriff (D:8)
  Menkaure (D:7)
  A manticore (D:11)
  6 soldier ants
  3 porcupines
  2 yellow wasps
  9 orc warriors
  6 sky beasts
  5 ice beasts
  3 black bears
  2 phantoms
  5 ogres
  5 centaurs
  A boring beetle (Lair:2)
  3 crocodiles
  Duvessa (D:5)
  A big kobold (D:12)
  10 water moccasins
  A giant slug (Lair:2)
  A gnoll sergeant (D:5)
  Blork the orc (D:7)
  2 agate snails (Lair:1)
  12 giant frogs
  An eye of draining (D:9)
  4 killer bees (D:11)
  13 wights
  A yak skeleton (D:8)
  A quasit (D:12)
  A centaur zombie (D:10)
  6 goliath beetles
  Dowan (D:5)
  9 crimson imps
  A centaur skeleton (D:10)
  4 jellies (D:10)
  10 hounds
  5 iguanas
  5 orc priests
  9 orc wizards
  6 scorpions
  33 worker ants
  5 sheep (Lair:2)
  A mottled dragon zombie (D:13)
  An ogre zombie (D:6)
  17 adders
  12 gnolls
  18 green rats (Lair:1)
  A giant mite (Lair:2)
  An inept feature mimic (D:8)
  4 worms
  An adder zombie (D:5)
  An adder skeleton (D:5)
  A giant eyeball (D:8)
  4 giant geckos
  An ooze (D:3)
  32 orcs
  2 ball pythons
  21 bats
  2 bat skeletons (D:5)
  A bat zombie (D:5)
  11 giant cockroaches
  8 goblins
  14 hobgoblins
  26 kobolds
  7 quokkas
  4 training dummies (D:7)
  3 giant newts
  5 jackals
  A kobold skeleton (D:8)
  12 rats
  A rat skeleton (D:6)
  4 fungi (Lair:2)
  2 plants (Lair:2)
501 creatures vanquished.

Vanquished Creatures (others)
  A fungus (Lair:2)
1 creature vanquished.

Grand Total: 502 creatures vanquished

Notes
Turn   | Place    | Note
--------------------------------------------------------------
     0 | D:1      | Inkie, the Lava Orc Transmuter, began the quest for the Orb.
     0 | D:1      | Reached XP level 1. HP: 16/16 MP: 1/1
   259 | D:1      | Reached skill level 4 in Unarmed Combat
   259 | D:1      | Reached XP level 2. HP: 21/23 MP: 2/2
   907 | D:1      | Reached XP level 3. HP: 28/28 MP: 4/4
  1696 | D:2      | Reached skill level 5 in Unarmed Combat
  1849 | D:2      | Found a white marble altar of Elyvilon.
  2067 | D:2      | Reached XP level 4. HP: 30/35 MP: 5/5
  2215 | D:2      | Found a sparkling altar of Nemelex Xobeh.
  2568 | D:3      | Reached skill level 6 in Unarmed Combat
  2713 | D:3      | Reached XP level 5. HP: 22/40 MP: 4/6
  3017 | D:3      | HP: 2/40 [poisoned by a kobold]
  3298 | D:3      | Noticed an orc warrior
  3831 | D:3      | Reached skill level 7 in Unarmed Combat
  3934 | D:3      | Killed an orc warrior
  3934 | D:3      | Reached XP level 6. HP: 22/47 MP: 8/8
  4169 | D:3      | Reached skill level 8 in Unarmed Combat
  4490 | D:4      | Found a radiant altar of Vehumet.
  4490 | D:4      | Found a shattered altar of Ashenzari.
  4492 | D:4      | Found an ancient bone altar of Kikubaaqudgha.
  4524 | D:4      | Became a worshipper of Ashenzari the Shackled
  5173 | D:5      | Entered Level 5 of the Dungeon
  5251 | D:5      | Reached skill level 9 in Unarmed Combat
  5251 | D:5      | Reached XP level 7. HP: 29/53 MP: 9/9
  5457 | D:5      | Found a blossoming altar of Fedhas.
  5520 | D:5      | Noticed Grinder
  5543 | D:5      | Killed Grinder
  5543 | D:5      | Reached skill level 10 in Unarmed Combat
  5673 | D:5      | Found a burning altar of Makhleb.
  5713 | D:5      | Noticed Prince Ribbit
  5726 | D:5      | Killed Prince Ribbit
  5726 | D:5      | Reached XP level 8. HP: 35/60 MP: 11/11
  6126 | D:5      | Noticed Dowan
  6147 | D:5      | Killed Dowan
  6159 | D:5      | Noticed Duvessa
  6189 | D:5      | Killed Duvessa
  6278 | D:5      | Learned a level 3 spell: Spider Form
  6284 | D:5      | Learned a level 5 spell: Blade Hands
  6321 | D:6      | Found Tiezank's Armour Shoppe.
  6323 | D:6      | Found a staircase to the Orcish Mines.
  6788 | D:6      | Reached skill level 5 in Transmutations
  6793 | D:5      | Reached skill level 1 in Poison Magic
  7558 | D:6      | Found Klyvilar's Weapon Shoppe.
  7579 | D:6      | Bought a +0 pair of gauntlets of dexterity for 61 gold pieces
  7579 | D:6      | Bought a +2 pair of boots for 144 gold pieces
  7600 | D:6      | Gained mutation: Armour fits poorly on your strangely shaped body. [potion of mutation]
  7600 | D:6      | Gained mutation: Your magical capacity is low (-10% MP). [potion of mutation]
  7600 | D:6      | Gained mutation: You have a slow metabolism. [potion of mutation]
  7603 | D:6      | Gained mutation: You can spit poison. [potion of beneficial mutation]
  7648 | D:6      | Noticed Edmund
  7667 | D:6      | Killed Edmund
  7706 | D:6      | Reached XP level 9. HP: 48/69 MP: 8/11
  7796 | D:6      | Found a staircase to the Ecumenical Temple.
  8254 | Temple   | Entered the Ecumenical Temple
  8698 | D:6      | Reached skill level 10 in Transmutations
  8944 | D:7      | Noticed Blork the orc
  8954 | D:7      | Killed Blork the orc
  9063 | D:7      | Noticed Menkaure
  9067 | D:7      | Killed Menkaure
  9319 | D:7      | Noticed Bloax's ghost (experienced FoBe)
  9379 | D:7      | Killed Bloax's ghost
  9379 | D:7      | Reached skill level 5 in Spellcasting
  9444 | D:7      | Found an iron altar of Okawaru.
  9673 | D:8      | Learned a level 4 spell: Ice Form
  9705 | D:8      | Found Qaponum's General Store.
 10034 | D:8      | Reached XP level 10. HP: 64/77 MP: 18/18
 10068 | D:8      | Noticed Somebody's ghost (experienced DENe)
 10073 | D:8      | Killed Somebody's ghost
 10106 | D:8      | Paralysed by a giant eyeball for 3 turns
 10114 | D:8      | Paralysed by a giant eyeball for 2 turns
 12039 | D:9      | Found a snail-covered altar of Cheibriados.
 12039 | D:9      | Found a bloodstained altar of Trog.
 12294 | D:10     | Entered Level 10 of the Dungeon
 12476 | D:10     | Upgraded the game from 0.14-a0-932-g154aeca to 0.14-a0-942-gbd853f2
 12505 | D:10     | Reached skill level 1 in Armour
 12608 | D:10     | Killed an unseen horror
 12860 | D:10     | Noticed Maurice
 12991 | D:10     | Noticed Fannar
 13052 | D:10     | Reached XP level 11. HP: 56/82 MP: 23/23
 13266 | D:10     | Noticed Erolcha
 13289 | D:10     | Killed Erolcha
 13640 | D:10     | Killed Fannar
 13796 | D:10     | Reached skill level 11 in Unarmed Combat
 14204 | D:10     | Acquired Ashenzari's first power
 14572 | D:10     | Reached skill level 12 in Unarmed Combat
 15030 | D:11     | Noticed Harold
 15036 | D:11     | Killed Harold
 15036 | D:11     | Reached skill level 13 in Unarmed Combat
 15292 | D:11     | Reached skill level 5 in Fighting
 15705 | D:12     | Noticed a cyan very ugly thing
 15706 | D:12     | Noticed a centaur warrior
 15706 | D:12     | Noticed a giant amoeba
 15707 | D:12     | Noticed a hill giant
 15868 | D:12     | Noticed an eight-headed hydra
 16080 | D:12     | Noticed a hill giant
 16098 | D:12     | Killed a hill giant
 16167 | D:12     | Reached XP level 12. HP: 69/95 MP: 22/25
 16666 | D:12     | Killed an eight-headed hydra
 17041 | D:13     | Noticed a six-headed hydra
 17099 | D:12     | Noticed an anaconda
 17198 | D:13     | Acquired Ashenzari's second power
 17200 | D:13     | Found a staircase to the Lair.
 17216 | D:13     | Reached skill level 14 in Unarmed Combat
 18625 | Lair:1   | Entered Level 1 of the Lair of Beasts
 19167 | Lair:1   | Reached skill level 15 in Unarmed Combat
 20142 | Lair:2   | Learned a level 2 spell: Repel Missiles
 20144 | Lair:2   | Learned a level 1 spell: Apportation
 20148 | Lair:2   | Learned a level 3 spell: Regeneration
 20449 | Lair:2   | Reached skill level 10 in Spellcasting
 20550 | Lair:2   | Noticed Erica
 20557 | Lair:2   | Killed Erica
 20597 | Lair:2   | Reached XP level 13. HP: 98/104 MP: 22/26
 20828 | Lair:2   | Acquired Ashenzari's third power
 21268 | Lair:3   | HP: 4/104 [eight-headed hydra (9)]
 21268 | Lair:3   | Mangled by an eight-headed hydra

Action                   |  1- 3 |  4- 6 |  7- 9 | 10-12 | 13-15 || total
-------------------------+-------+-------+-------+-------+-------++-------
Melee: Unarmed           |   153 |   185 |   228 |   707 |    56 ||  1329
       Whip              |       |    83 |    14 |       |       ||    97
Throw: Dart              |     6 |       |     2 |    13 |       ||    21
 Cast: Beastly Appendage |       |     6 |    16 |     5 |       ||    27
       Spider Form       |       |       |     6 |    19 |       ||    25
       Blade Hands       |       |       |       |    26 |     2 ||    28
       Ice Form          |       |       |       |     2 |       ||     2
       Regeneration      |       |       |       |     3 |       ||     3
Evoke: Wand              |       |       |     3 |    16 |       ||    19
       disc of storms    |       |       |       |     1 |       ||     1
  Use: Potion            |     1 |     6 |     8 |     7 |     1 ||    23
       Scroll            |       |     2 |    14 |    10 |       ||    26
 Stab: Sleeping          |     2 |     1 |       |     2 |       ||     5
